 Dungeon Crawl Stone Soup version 0.29-a0-221-gceb61267dd (webtiles) character file.

Game seed: 1903119957722469594

300 dolemite99 the Bolt Thrower (level 6, 0/38 HPs)
             Began as an Octopode Arcane Marksman on Feb 27, 2022.
             Was a Priest of Jiyva.
             Blown up by Ijyb (22 damage)
             ... with a mindburst bolt
             ... on level 4 of the Dungeon.
             The game lasted 00:03:15 (3003 turns).

dolemite99 the Bolt Thrower (OpAM)                  Turns: 3003, Time: 00:03:15

Health: 0/38       AC:  1    Str: 11    XL:     6   Next: 36%
Magic:  7/7        EV: 13    Int: 16    God:    Jiyva [***...]
Gold:   111        SH:  0    Dex: 12    Spells: 6/7 levels left

rFire   . . .      SeeInvis .   a - +0 hand crossbow
rCold   . . .      Faith    .   d - orb {light}
rNeg    . . .      Spirit   .   (helmet restricted)
rPois   .          Reflect  .   (no amulet)
rElec   .          Harm     .   (no ring)
rCorr   +          Rampage  .   (no ring)
Will    +....                   (no ring)
Stlth   +.........              (no ring)
HPRegen 1.24/turn               (no ring)
MPRegen 0.45/turn               (no ring)
                                (no ring)
                                (no ring)

@: glowing
A: almost no armour, amphibious, 8 rings, camouflage 1, gelatinous body 1,
(nimble swimmer 1), tentacles, strong-willed 1, wild magic 3
a: Renounce Religion, Oozemancy


You were on level 4 of the Dungeon.
You worshipped Jiyva.
Jiyva was most pleased with you.
You visited 1 branch of the dungeon, and saw 4 of its levels.

You collected 111 gold pieces.

Inventory:

Hand Weapons
 a - a +0 hand crossbow (weapon)
 o - a +1 dagger of holy wrath
Missiles
 h - 3 boomerangs
Armour
 d - an orb of light (worn)
Jewellery
 l - a ring of willpower
Scrolls
 b - a scroll of immolation {unknown}
 c - 4 scrolls of identify {unknown}
 i - a scroll of amnesia {unknown}
 m - a scroll of teleportation {unknown}
Potions
 f - 2 potions of curing {unknown}
 g - a potion of degeneration {unknown}
 j - a potion of ambrosia {unknown}
 k - a potion of lignification {unknown}
 n - a potion of attraction {unknown}


   Skills:
 - Level 1.0 Fighting
 + Level 6.5 Crossbows
 - Level 2.0 Dodging
 - Level 1.0 Spellcasting
 - Level 3.0 Hexes


You had 6 spell levels left.
You knew the following spells:

 Your Spells              Type           Power      Damage    Failure   Level
a - Slow                  Hex            76%        N/A       22%         1

Your spell library contained the following spells:

 Spells                   Type           Power      Damage    Failure   Level
 Tukima's Dance           Hex            19%        N/A       45%         3
 Inner Flame              Hex/Fire       10%        N/A       63%         3
 Portal Projectile        Hex/Tloc       20%        N/A       63%         3
 Cause Fear               Hex            9%         N/A       78%         4
 Anguish                  Hex/Necr       5%         N/A       92%         4
 Enfeeble                 Hex            9%         N/A       100%        7


Dungeon Overview and Level Annotations

Branches:
Dungeon (4/15)
 Temple: D:4-7

Altars:
Okawaru
Jiyva

Annotations:
D:4 Ijyb


Innate Abilities, Weirdness & Mutations

You cannot wear most types of armour.
You are amphibious.
You can wear up to eight rings at the same time.
Your skin changes colour to match your surroundings (Stealth+).
Your rubbery body absorbs attacks. (AC +1, EV +1)
((You are camouflaged when in or above water. (Stealth+)))
You have tentacles for arms and can constrict up to eight enemies at once.
You are strong-willed. (Will+)
Your spells are much harder to cast, but much more powerful.


Message History

Jiyva will now mutate your body as you gain piety.
You can now call acidic ooze from nearby walls.
Jiyva alters your body.
You feel less in control of your magic. x2
You feel your magical power running wild!
You feel strong-willed.
You hear a series of splatters.
Ijyb the Twisted Goblin comes into view.
She is wielding a +0 club and carrying a wand of mindburst (15).
Ijyb is nearby!
You shoot a bolt. The bolt hits Ijyb!
Ijyb shouts!
Ijyb is moderately wounded.
Ijyb zaps a wand.
You resist with some effort.
Ijyb screams, "It's all mine!"
Ijyb zaps a wand.
You resist with some effort.
Ijyb is nearby!
You shoot a bolt. The bolt closely misses Ijyb.
Ijyb zaps a wand.
Your mind is blasted!
You shoot a bolt. The bolt hits Ijyb but does no damage.
Ijyb is moderately wounded.
You shoot a bolt. The bolt barely misses Ijyb.
Shoot: a) +0 hand crossbow
Press: ? - help, Shift-Dir - straight line, f/p - Ijyb
Aim: Ijyb, wielding a +0 club, wearing a +0 leather armour and carrying a wand of mindburst (12) (moderately wounded, haloed, 72% to hit)
You shoot a bolt. The bolt hits Ijyb!
Ijyb is severely wounded.
Ijyb zaps a wand.
Your mind is blasted!
Shoot: a) +0 hand crossbow
Press: ? - help, Shift-Dir - straight line, f/p - Ijyb
Aim: Ijyb, wielding a +0 club, wearing a +0 leather armour and carrying a wand of mindburst (11) (severely wounded, haloed, 72% to hit)
You shoot a bolt. The bolt hits Ijyb but does no damage.
Ijyb is severely wounded.
Ijyb zaps a wand.
Your mind is blasted!
Shoot: a) +0 hand crossbow
Press: ? - help, Shift-Dir - straight line, f/p - Ijyb
Aim: Ijyb, wielding a +0 club, wearing a +0 leather armour and carrying a wand of mindburst (10) (severely wounded, haloed, 72% to hit)
You shoot a bolt. The bolt barely misses Ijyb.
Ijyb zaps a wand.
Your mind is blasted!
Ouch! That really hurt!
You die...

..#.# #...#. #. #.#
#.#.#.# #.###.###
#.#.#...#.......#
#.#.###.#.......###
###.#.#..............
..........#.......#
#.........#.......#
#.........#.....@!#
#........##.......#
#...........#####g#
#........#### .#
#..<.....# .#
#........# .#
#........# .#
###.###### .# #.#


You could see Ijyb.

Vanquished Creatures
  Grinder (D:4)
  A hound (D:3)
  An adder (D:3)
  2 worms
  4 dart slugs
  6 orcs (D:3)
  7 ball pythons
  2 endoplasms
  6 giant cockroaches
  6 goblins
  6 hobgoblins
  6 jackals (D:1)
  A quokka (D:1)
  3 bats
  3 frilled lizards (D:1)
  6 rats
61 creatures vanquished.

Vanquished Creatures (others)
  2 adders (D:3)
  A bat (D:3)
  2 endoplasms (D:3)
  A kobold (D:3)
6 creatures vanquished.

Grand Total: 67 creatures vanquished

Notes
Turn   | Place    | Note
-------+----------+-------------------------------------------
     0 | D:1      | dolemite99 the Octopode Arcane Marksman began the quest for
                  | the Orb.
     0 | D:1      | Reached XP level 1. HP: 13/13 MP: 2/2
    57 | D:1      | Reached XP level 2. HP: 18/18 MP: 3/3
    90 | D:1      | Reached skill level 3 in Crossbows
   585 | D:1      | Reached XP level 3. HP: 23/23 MP: 4/4
  1249 | D:2      | Reached skill level 4 in Crossbows
  1382 | D:2      | Found a faded altar of an unknown god.
  1393 | D:2      | Prayed at the altar of an unknown god.
  1393 | D:2      | Became a worshipper of Jiyva Jesyqu the Shapeless
  1393 | D:2      | Reached * piety under Jiyva
  1795 | D:2      | Reached XP level 4. HP: 28/28 MP: 5/5
  1826 | D:3      | Reached ** piety under Jiyva
  1934 | D:3      | Found an iron altar of Okawaru.
  2332 | D:3      | Reached skill level 5 in Crossbows
  2332 | D:3      | Reached XP level 5. HP: 28/33 MP: 6/6
  2719 | D:4      | Noticed Grinder
  2731 | D:4      | Paralysed by Grinder for 3 turns
  2751 | D:4      | Killed Grinder
  2752 | D:4      | Reached skill level 6 in Crossbows
  2752 | D:4      | Reached XP level 6. HP: 38/38 MP: 7/7
  2963 | D:4      | Reached *** piety under Jiyva
  2963 | D:4      | Gained mutation: Your spells are a little harder to cast,
                  | but a little more powerful. [Jiyva's grace]
  2963 | D:4      | Gained mutation: Your spells are harder to cast, but more
                  | powerful. [Jiyva's grace]
  2963 | D:4      | Gained mutation: Your spells are much harder to cast, but
                  | much more powerful. [Jiyva's grace]
  2963 | D:4      | Gained mutation: You are strong-willed. (Will+) [Jiyva's
                  | grace]
  2996 | D:4      | Noticed Ijyb
  3003 | D:4      | Blown up by Ijyb

Illustrated notes

Levels and vault maps discovered:
D:1:      minmay_arrival_wavy_path, layout_rooms
D:2:      layout_loops_cross, basic_ecumenical_altar
D:3:      layout_loops_ring, okawaru_metal_pillars_3, serial_rivers,
          chequers_serial_rivers_large_a, chequers_serial_rivers_micro_d,
          chequers_serial_rivers_micro_c, chequers_serial_rivers_room_b,
          chequers_serial_rivers_micro_c, kennysheep_generic_room_12
D:4:      layout_basic, minmay_temple_entry_stoned_glass,
          hangedman_abyss_or_decor_stabs, uniq_ijyb, uniq_grinder

Skill      XL: |  1  2  3  4  5 |
---------------+----------------+-----
Crossbows      | 3 4 5 6 |  6.5
Fighting       | |  1.0
Dodging        | |  2.0
Spellcasting   | |  1.0
Hexes          | |  3.0

Action                   |  1- 3 |  4- 6 || total
-------------------------+-------+-------++-------
Melee: Unarmed           |    20 |       ||    20
       Constrict         |     5 |       ||     5
       Tentacles         |     4 |       ||     4
       Hand crossbow     |     1 |       ||     1
 Fire: Hand crossbow     |   111 |    82 ||   193
  Use: Scroll            |     2 |       ||     2
       Potion            |       |     2 ||     2
Armor: Skin              |     7 |       ||     7
Dodge: Dodged            |    31 |    20 ||    51

Table legend: (Time is in decaauts)
 A = Elapsed time spent in this place.
 B = Non-inter-level travel time spent in this place.
 C = Inter-level travel time spent in this place.
 D = Time resting spent in this place.
 E = Time spent auto-exploring this place.
 F = Levels seen in this place.
 G = Mean time per level.
                   A        B        C        D        E       F      G
               +--------+--------+--------+--------+--------+-----+--------+
         Total |   3057 |   2976 |     81 |    868 |   1577 |   4 |  764.2 |
       Dungeon |   3057 |   2976 |     81 |    868 |   1577 |   4 |  764.2 |
               +--------+--------+--------+--------+--------+-----+--------+

Top non-repeatable levels by time:
     D:1: 1204 daAuts
     D:3: 909 daAuts
     D:2: 645 daAuts
     D:4: 298 daAuts
